 Dungeon Crawl Stone Soup version 0.22-a0-113-gdd6f4a9 (webtiles) character file.

40347 pkoi the Carver (level 13, -8/127 HPs)
             Began as a Minotaur Fighter on Jan 29, 2018.
             Was the Champion of Okawaru.
             Killed from afar by a hell hog (20 damage)
             ... with a fireball
             ... on level 10 of the Dungeon.
             The game lasted 00:33:19 (15699 turns).

pkoi the Carver (Minotaur Fighter)                 Turns: 15699, Time: 00:33:19

Health: -8/127     AC: 29    Str: 28      XL:     13   Next: 74%
Magic:  18/18      EV: 13    Int:  3 (5)  God:    Okawaru [******]
Gold:   2105       SH: 14    Dex: 17      Spells: 12/12 levels left

rFire    . . .     SeeInvis .   P - +8 long sword "Pafek" {freeze, rN+ Dex+6}
rCold    . . .     Gourm    .   c - +1 shield
rNeg     + + +     Faith    .   M - +6 plate armour "Luin Xunoa" {rElec rPois rCorr}
rPois    +         Spirit   .   y - +0 hat "Xetiekob" {rN++}
rElec    +         Reflect  .   E - +0 cloak
rCorr    +         Harm     .   p - +0 pair of gloves
MR       .....                  k - +2 pair of boots {Stlth+}
Stlth    ..........             l - amulet "Jumill" {Regen+ Str+3}
HPRegen  0.71/turn              s - ring of poison resistance
MPRegen  0.16/turn              I - +4 ring of slaying

@: very slightly contaminated
A: retaliatory headbutt, horns 2, molten scales 1, robust 1
a: Heroism, Finesse, Renounce Religion


You were on level 10 of the Dungeon.
You worshipped Okawaru.
Okawaru was exalted by your worship.
You were not hungry.

You visited 2 branches of the dungeon, and saw 15 of its levels.
You visited the Abyss 2 times.

You collected 2105 gold pieces.

Inventory:

Hand Weapons
 a - a +1 vampiric long sword
 P - the +8 long sword "Pafek" (weapon) {freeze, rN+ Dex+6}
   (Okawaru gifted it to you on level 13 of the Dungeon)

   It has been specially enchanted to freeze those struck by it, causing extra
   injury to most foes and up to half again as much damage against particularly
   susceptible opponents.
   It can also slow down cold-blooded creatures.
   It affects your dexterity (+6).
   It protects you from negative energy.
 V - a +3 scimitar of flaming
 W - a +3 great sword
 X - a +3 falchion of protection
Missiles
 A - 9 tomahawks (quivered)
 G - 2 javelins of returning
Armour
 c - a +1 shield (worn)
 k - a +2 pair of boots of stealth (worn)
 p - a +0 pair of gloves (worn)
 y - the +0 hat "Xetiekob" (worn) {rN++}
   (Okawaru gifted it to you on level 10 of the Dungeon)

   It greatly protects you from negative energy.
 E - a +0 cloak (worn)
 M - the +6 plate armour "Luin Xunoa" (worn) {rElec rPois rCorr}
   (You found it on level 14 of the Dungeon)

   It insulates you from electricity.
   It protects you from poison.
   It protects you from acid and corrosion.
Jewellery
 g - an uncursed ring of positive energy
 l - the amulet "Jumill" (around neck) {Regen+ Str+3}
   (You found it on level 14 of the Dungeon)

   [amulet of regeneration]

   It affects your strength (+3).
   It increases your rate of regeneration.
 s - a ring of poison resistance (left hand)
 t - a +4 ring of evasion
 I - a +4 ring of slaying (right hand)
 O - an uncursed ring of flight
Wands
 o - a wand of scattershot (2)
 q - a wand of paralysis (15)
 u - a wand of acid (11)
 v - a wand of polymorph (22)
 x - a wand of iceblast (13)
 z - a wand of flame (103)
 H - a wand of random effects (31)
Scrolls
 b - 4 scrolls of enchant armour
 e - a scroll of fog
 h - 2 scrolls of magic mapping
 i - 7 scrolls of identify
 j - 12 scrolls of remove curse
 n - 6 scrolls of amnesia
 C - 6 scrolls of teleportation
 Q - 3 scrolls of fear
 R - 4 scrolls of summoning
 U - a scroll of holy word {unknown}
Potions
 d - a potion of might
 m - 7 potions of curing
 r - 2 potions of agility
 w - 2 potions of resistance
 B - a potion of heal wounds
 F - a potion of berserk rage
 J - a potion of invisibility
 K - a potion of magic
 L - a potion of haste
 T - a potion of flight
Books
 N - a book of Battle

   Spells                             Type                      Level
   a - Infusion                       Charms                       1
   b - Shroud of Golubria             Charms/Translocation         2
   c - Song of Slaying                Charms                       2
   d - Spectral Weapon                Hexes/Charms                 3
   e - Regeneration                   Charms/Necromancy            3
 S - a book of Unlife

   Spells                             Type                      Level
   a - Recall                         Summoning/Translocation      3
   b - Animate Dead                   Necromancy                   4
   c - Borgnjor's Vile Clutch         Necromancy/Earth             5
   d - Death Channel                  Necromancy                   6
   e - Simulacrum                     Ice/Necromancy               6
Comestibles
 f - 36 rations


   Skills:
 + Level 11.3 Fighting
 + Level 13.0 Long Blades
 + Level 8.7 Throwing
 + Level 11.2 Armour
 + Level 9.9 Dodging
 + Level 11.1 Shields
 - Level 8.0 Invocations
 - Level 2.0 Evocations


You had 12 spell levels left.
You didn't know any spells.

Dungeon Overview and Level Annotations

Branches:
Dungeon (14/15)            Temple (0/1) D:6            Lair (1/6) D:11
    Orc (0/2) D:10         Vaults (0/5) D:13

Altars:
Ashenzari
Cheibriados
Dithmenos
Okawaru
Ru
Trog
Uskayaw
Xom
The Shining One

Shops:
D:8 [

Portals:
Trove: D:13 (give +5 fire dragon scales)

Annotations:
D:7 1 runed door
D:10 exclusion: orange crystal statue, Sonja
D:14 1 runed door


Innate Abilities, Weirdness & Mutations

You reflexively headbutt those who attack you in melee.
You have a pair of horns on your head.
You are partially covered in molten scales. (AC +2)
You are robust. (+10% HP)


Message History

Sonja says, "I'm academy-trained, you know."
Sonja throws a stone.
The stone hits you.
* * * LOW HITPOINT WARNING * * *
There is an open door here.
You see here 2 stones.
You feel much better.
Sonja throws a stone.
The stone closely misses you.
The hell hog bites you but does no damage.
Sonja throws a stone.
The stone hits you but does no damage. The hell hog breathes fire at you.
The fireball explodes!
The fireball engulfs you!
* * * LOW HITPOINT WARNING * * *
The fireball engulfs the hell hog.
The hell hog resists.
Blink to where?
Press: ? - help, Dir - move target cursor You are very lightly contaminated with residual magic.
As you read the scroll of blinking, it crumbles to dust.
You feel your health improve. The hell hog breathes fire at you.
The fireball explodes!
The fireball engulfs you!
You die...

#.≈≈≈≈≈#.....#...≈≈#
#.≈≈≈≈≈#.....#...≈##
#.≈≈≈≈≈#.....#......
#.#≈≈≈≈#......(#...
##.##≈≈≈####h#.##...
..........(((#.##..#
##.########.(#.....##
##.# #.h#####..# ...#
#..(..@..># ...#
#.######### ##.# #.#
.#.# #.# .#.# #.#
...## #.#
.#..#######.#
.#..........#
##.##########


You could see a hell hog.

Vanquished Creatures
  A tentacled starspawn (Abyss:2)
  4 hydras
  2 dancing weapons (D:13)
  2 tengu warriors (D:14)
  A hell hog (Abyss:2)
  4 two-headed ogres
  A thrashing horror (Abyss:2)
  Nergalle (Lair:1)
  A wretched star (Abyss:2)
  8 unseen horrors
  A wolf spider zombie (D:13)
  Pikel (D:5)
  2 ugly things (D:12)
  2 deep elf magi
  A cyclops (shapeshifter) (D:14)
  Joseph (D:7)
  Maurice (D:10)
  An apocalypse crab (Abyss:2)
  The ghost of Sertorius the Ducker, a novice GnGl of Ru (D:5)
  A spiny frog (Lair:1)
  A gargoyle (D:14)
  2 komodo dragons (Lair:1)
  An efreet (Abyss:2)
  A hellwing (Abyss:2)
  3 ancient zymes (Abyss:2)
  3 trolls
  3 meliai (D:14)
  A merfolk (D:9)
  Prince Ribbit (D:5)
  A hornet (D:7)
  5 blink frogs (Lair:1)
  4 hippogriffs
  2 wraiths
  5 large abominations (Abyss:2)
  A wyvern (D:11)
  21 yaks
  A tarantella (shapeshifter) (D:13)
  2 chaos spawn (Abyss:2)
  A hungry ghost (D:11)
  A basilisk (Lair:1)
  A neqoxec (Abyss:2)
  A vampire mosquito (D:14)
  Edmund (D:5)
  3 porcupines (Lair:1)
  3 water moccasins
  A floating eye (shapeshifter) (D:14)
  3 orc warriors
  A black bear (D:8)
  6 ice beasts
  A hornet zombie (D:13)
  3 sky beasts
  An eye of draining (D:12)
  A necrophage (D:7)
  8 ogres
  5 wolves (Lair:1)
  3 centaurs
  2 big kobolds
  2 crocodiles (Lair:1)
  4 small abominations (Abyss:2)
  6 bullfrogs
  An earth elemental (Abyss:2)
  A wyvern skeleton (D:9)
  27 killer bees
  7 wights
  A howler monkey (D:5)
  7 crimson imps
  3 centaur zombies
  2 bullfrog zombies
  6 hounds
  5 starcursed masses (Abyss:2)
  14 orc wizards
  2 jellies
  7 orc priests
  2 bullfrog skeletons
  5 iguanas
  3 centaur skeletons
  A troll simulacrum (Abyss:2)
  12 worker ants
  2 hound zombies
  12 adders
  3 shadow imps
  An ufetubus (Abyss:2)
  7 worms
  A dart slug (D:4)
  4 leopard geckos
  39 orcs
  2 ball pythons
  3 giant cockroaches
  15 goblins
  16 hobgoblins
  13 jackals
  4 quokkas
  11 bats
  6 frilled lizards
  14 kobolds
  7 rats
  A starspawn tentacle (Abyss:2)
420 creatures vanquished.

Vanquished Creatures (others)
  A naga (D:6)
  A jelly (D:6)
  2 orcs (D:6)
  A fungus (Lair:1)
  A starspawn tentacle (Abyss:2)
6 creatures vanquished.

Grand Total: 426 creatures vanquished

Notes
Turn   | Place    | Note
-------+----------+-------------------------------------------
     0 | D:1      | pkoi the Minotaur Fighter began the quest for the Orb.
     0 | D:1      | Reached XP level 1. HP: 19/19 MP: 0/0
    96 | D:1      | Reached skill level 3 in Long Blades
   110 | D:1      | Reached XP level 2. HP: 26/26 MP: 1/1
   411 | D:1      | Reached skill level 4 in Long Blades
   775 | D:2      | Reached XP level 3. HP: 24/31 MP: 2/2
   868 | D:2      | Reached skill level 5 in Long Blades
   868 | D:2      | Reached XP level 4. HP: 36/39 MP: 3/3
  1577 | D:2      | Reached skill level 6 in Long Blades
  1591 | D:3      | Reached XP level 5. HP: 38/45 MP: 4/4
  1700 | D:3      | Found a snail-covered altar of Cheibriados.
  1805 | D:3      | Reached skill level 7 in Long Blades
  1915 | D:3      | Reached XP level 6. HP: 51/51 MP: 5/5
  2568 | D:3      | Reached skill level 8 in Long Blades
  2663 | D:4      | Found a hide-covered altar of Uskayaw.
  3482 | D:3      | Reached skill level 1 in Dodging
  3535 | D:4      | Reached XP level 7. HP: 55/59 MP: 6/6
  3622 | D:4      | Got an ivory dagger
  3623 | D:4      | Identified the +1 dagger of Trog's Castigation {protect, rN+} (You found it on level 4 of the Dungeon)
  3735 | D:4      | Found an iron altar of Okawaru.
  3957 | D:4      | Became a worshipper of Warmaster Okawaru
  3983 | D:5      | Entered Level 5 of the Dungeon
  4010 | D:5      | Noticed Sertorius's ghost (novice GnGl)
  4310 | D:5      | Found a sacrificial altar of Ru.
  4372 | D:5      | Found a transporter.
  4404 | D:5      | Found a transporter.
  4443 | D:5      | Found a shattered altar of Ashenzari.
  4444 | D:5      | Noticed Prince Ribbit
  4532 | D:6      | Noticed Pikel
  4553 | D:5      | Killed Pikel
  4553 | D:5      | Reached * piety under Okawaru
  4553 | D:5      | Reached skill level 5 in Fighting
  4553 | D:5      | Reached skill level 1 in Throwing
  4553 | D:5      | Reached skill level 5 in Shields
  4553 | D:5      | Reached XP level 8. HP: 66/68 MP: 7/7
  4609 | D:6      | Reached skill level 5 in Armour
  4650 | D:6      | Reached ** piety under Okawaru
  4650 | D:6      | Reached skill level 9 in Long Blades
  5099 | D:6      | Found a bloodstained altar of Trog.
  5208 | D:6      | Found a staircase to the Ecumenical Temple.
  5417 | D:7      | Reached skill level 1 in Invocations
  5417 | D:7      | Reached skill level 1 in Evocations
  5888 | D:7      | Reached *** piety under Okawaru
  5935 | D:7      | Reached XP level 9. HP: 65/75 MP: 9/9
  5950 | D:7      | Noticed a sixfirhy
  5951 | D:7      | Found a runed door.
  6326 | D:7      | Noticed Joseph
  6347 | D:7      | Killed Joseph
  6545 | D:8      | Noticed a two-headed ogre
  6553 | D:8      | Killed a two-headed ogre
  6553 | D:8      | Reached **** piety under Okawaru
  6553 | D:8      | Received a gift from Okawaru
  6553 | D:8      | Reached skill level 10 in Long Blades
  6553 | D:8      | Reached skill level 5 in Dodging
  6609 | D:8      | Found Relophi's Armour Emporium.
  6686 | D:8      | Found a shadowy altar of Dithmenos.
  6693 | D:8      | Found a glowing golden altar of the Shining One.
  6801 | D:8      | Reached XP level 10. HP: 82/86 MP: 11/11
  7459 | D:9      | Found a shimmering altar of Xom.
  8050 | D:10     | Entered Level 10 of the Dungeon
  8163 | D:10     | Noticed an orange crystal statue
  8272 | D:10     | Found a staircase to the Orcish Mines.
  8356 | D:10     | Reached ***** piety under Okawaru
  8370 | D:10     | Received a gift from Okawaru
  8402 | D:10     | Killed an unseen horror
  8402 | D:10     | Reached skill level 5 in Throwing
  8688 | D:10     | Gained mutation: You are partially covered in molten scales. (AC +2) [potion of mutation]
  8688 | D:10     | Gained mutation: You are robust. (+10% HP) [potion of mutation]
  8825 | D:10     | Noticed Sonja
  9104 | D:5      | Killed Sertorius's ghost
  9120 | D:5      | Killed Prince Ribbit
  9272 | D:5      | Noticed Edmund
  9283 | D:5      | Killed Edmund
  9676 | D:10     | Received a gift from Okawaru
  9680 | D:10     | Noticed Maurice
  9691 | D:10     | Paralysed by something for 6 turns
  9703 | D:10     | Paralysed by something for 3 turns
  9719 | D:10     | Killed Maurice
  9719 | D:10     | Reached skill level 5 in Invocations
  9719 | D:10     | Reached XP level 11. HP: 91/103 MP: 11/13
  9723 | D:10     | Got a heavily runed hat {god gift}
  9724 | D:10     | Identified the +0 hat "Xetiekob" {rN++} (Okawaru gifted it to you on level 10 of the Dungeon)
  9835 | D:10     | Cast into level 2 of the Abyss (Sonja)
  9847 | D:10     | Escaped the Abyss
 10282 | D:11     | Noticed a two-headed ogre
 10290 | D:11     | Killed a two-headed ogre
 10290 | D:11     | Reached skill level 11 in Long Blades
 10415 | D:11     | Killed an unseen horror
 10488 | D:11     | Killed an unseen horror
 10784 | D:11     | Found a staircase to the Lair.
 11198 | D:12     | Noticed a six-headed hydra
 11257 | D:12     | Killed a six-headed hydra
 11366 | D:12     | Noticed a brown ugly thing
 11407 | D:12     | Killed a brown ugly thing
 11563 | D:12     | Noticed a purple ugly thing
 11578 | D:12     | Killed a purple ugly thing
 11592 | D:12     | Noticed a four-headed hydra
 11607 | D:12     | Killed a four-headed hydra
 11607 | D:12     | Received a gift from Okawaru
 11608 | D:12     | Got a bloodstained eveningstar {god gift}
 11845 | D:12     | Reached XP level 12. HP: 89/114 MP: 15/15
 11929 | D:12     | Noticed a seven-headed hydra
 11934 | D:12     | Killed a seven-headed hydra
 12417 | D:13     | Received a gift from Okawaru
 12500 | D:13     | Found a gate to the Vaults.
 12532 | D:13     | Received a gift from Okawaru
 12555 | D:13     | Got an iridescent long sword {god gift}
 12559 | D:13     | Identified the +8 long sword "Pafek" {freeze, rN+ Dex+6} (Okawaru gifted it to you on level 13 of the Dungeon)
 12918 | D:13     | Found a portal to a secret trove of treasure.
 13000 | D:13     | Reached skill level 12 in Long Blades
 13291 | D:14     | Reached skill level 10 in Fighting
 13291 | D:14     | Reached skill level 10 in Armour
 13380 | D:14     | Found a runed door.
 13380 | D:14     | Noticed a yaktaur captain
 13383 | D:14     | Noticed an ettin
 13557 | D:14     | Reached skill level 10 in Shields
 13773 | D:14     | Noticed a tengu warrior
 13774 | D:14     | Noticed a tengu warrior
 13789 | D:14     | Killed a tengu warrior
 13789 | D:14     | Received a gift from Okawaru
 13793 | D:14     | Noticed a seven-headed hydra
 13793 | D:14     | Killed a tengu warrior
 13797 | D:14     | Noticed a two-headed ogre
 13799 | D:14     | Killed a seven-headed hydra
 13804 | D:14     | Killed a two-headed ogre
 13809 | D:14     | Reached XP level 13. HP: 77/125 MP: 17/17
 14077 | D:14     | Got a warped plate armour
 14078 | D:14     | Identified the +6 plate armour "Luin Xunoa" {rElec rPois rCorr} (You found it on level 14 of the Dungeon)
 14138 | D:14     | Got a vibrating ivory amulet
 14139 | D:14     | Identified the amulet "Jumill" {Regen+ Str+3} (You found it on level 14 of the Dungeon)
 14489 | Lair:1   | Entered Level 1 of the Lair of Beasts
 14648 | Lair:1   | Received a gift from Okawaru
 14869 | Lair:1   | Noticed Nergalle
 14876 | Lair:1   | Killed Nergalle
 15233 | D:10     | Cast into level 2 of the Abyss (Sonja)
 15412 | Abyss:2  | Noticed a tentacled starspawn
 15419 | Abyss:2  | Killed a tentacled starspawn
 15524 | Abyss:2  | Found a corrupted altar of Lugonu.
 15530 | Abyss:2  | Noticed a tentacled starspawn
 15538 | Abyss:2  | Reached ****** piety under Okawaru
 15549 | Abyss:2  | Found a corrupted altar of Lugonu.
 15569 | Abyss:2  | Noticed a starcursed mass
 15576 | Abyss:2  | Received a gift from Okawaru
 15607 | Abyss:2  | Reached skill level 13 in Long Blades
 15694 | D:10     | Escaped the Abyss
 15699 | D:10     | Killed from afar by a hell hog

Vault maps used:
D:1:      minmay_arrival_radiant_lines, serial_forest,
          infiniplex_forest_straight_5, infiniplex_forest_diagonal,
          infiniplex_forest_straight_4, infiniplex_forest_clump_diagonal,
          infiniplex_forest_clump_long, infiniplex_forest_clump_curved,
          infiniplex_forest_clump_small, infiniplex_forest_clump_tiny,
          infiniplex_forest_clump_diagonal
D:3:      kennysheep_the_goblin_king, cheibriados_altar_1, first_ration
D:4:      kennysheep_okawaru_gauntlet, lemuel_doored_altar
D:5:      gammafunk_cloud_chamber, kennysheep_mini_moat, ashenzari_altar_1,
          uniq_edmund, uniq_prince_ribbit1
D:6:      bloody_trog, minmay_temple_entry_fiery, kennysheep_generic_room_4,
          uniq_pikel
D:7:      cheibrodos_shockbox, uniq_joseph
D:8:      amethyst_overflow_temple_binary, serial_shops, nicolae_shop_crystal,
          serial_glass, glass_columns_a, glass_columns_b
D:9:      lemuel_round_altar, hangedman_fish_farm
D:10:     minivault_16, st_stairs_3, uniq_sonja, uniq_maurice
D:11:     lair_entry_dummy
D:13:     erik_vaults_1, enter_trove_2
D:14:     hourglass_vault, abandoned_shop, kennysheep_treasure_room
Lair:1:   st_stairs_11, uniq_nergalle

Skill      XL: |  1  2  3  4  5  6  7  8  9 10 11 12 13 |
---------------+----------------------------------------+-----
Long Blades    | 3 4 5 6 7 8 9 10 11 12 13 | 13.0
Fighting       | 4 5 7 8 9 10 11 | 11.3
Armour         | 4 5 6 8 9 10 11 | 11.2
Dodging        | 1 2 3 5 6 7 9 |  9.9
Shields        | 4 5 7 8 9 10 11 | 11.1
Throwing       | 1 3 4 5 6 7 8 |  8.7
Invocations    | 1 3 5 6 7 8 |  8.0
Evocations     | 1 2 |  2.0

Action                   |  1- 3 |  4- 6 |  7- 9 | 10-12 | 13-15 || total
-------------------------+-------+-------+-------+-------+-------++-------
Melee: Long sword        |    80 |   228 |   318 |   836 |   193 ||  1655
       Headbutt          |     8 |    43 |    64 |   181 |    76 ||   372
       Unarmed           |       |       |     3 |       |       ||     3
Throw: Tomahawk          |       |       |       |     4 |       ||     4
Invok: Heroism           |       |       |     2 |     9 |     3 ||    14
       Finesse           |       |       |       |     1 |       ||     1
Evoke: Wand              |       |       |     2 |    13 |       ||    15
  Use: Potion            |     2 |     1 |       |     7 |     1 ||    11
       Scroll            |       |     8 |     2 |     7 |     3 ||    20
  Eat: Chunk             |       |     9 |    11 |    22 |     1 ||    43
       Ration            |       |       |       |     1 |     2 ||     3
Armor: Scale mail        |    13 |       |       |       |       ||    13
       Plate armour      |    37 |   141 |   113 |   402 |    84 ||   777
Dodge: Dodged            |     7 |    22 |    95 |   306 |    49 ||   479
Block: Shield            |    42 |   120 |   176 |   457 |    87 ||   882
       Rpst.: Long sword |     1 |     6 |    29 |    70 |     7 ||   113

Table legend:
 A = Spawn XP
 B = Non-spawn XP
 C = Spawn XP percentage of total XP
 D = Spawn monster count
 E = Non-spawn monster count
 F = Spawn count percentage of total count
 G = Total turns spent on level
                    A         B        C        D         E        F      G
               +---------+---------+-------+---------+---------+-------+---------
         Total |    3813 |   53826 |   6.6 |      13 |     406 |   3.1 | 15699
               +---------+---------+-------+---------+---------+-------+---------
           D:1 |       0 |      39 |   0.0 |       0 |      22 |   0.0 |   730
           D:2 |       0 |     149 |   0.0 |       0 |      26 |   0.0 |   843
           D:3 |       0 |     354 |   0.0 |       0 |      50 |   0.0 |  1202
           D:4 |       0 |     264 |   0.0 |       0 |      14 |   0.0 |  1397
           D:5 |       0 |    2025 |   0.0 |       0 |      18 |   0.0 |   815
           D:6 |       0 |     492 |   0.0 |       0 |      14 |   0.0 |  1018
           D:7 |       0 |    2100 |   0.0 |       0 |      33 |   0.0 |   967
           D:8 |       0 |    1577 |   0.0 |       0 |      17 |   0.0 |   652
           D:9 |       0 |    1111 |   0.0 |       0 |      23 |   0.0 |  1394
          D:10 |       0 |    3197 |   0.0 |       0 |      31 |   0.0 |  1060
          D:11 |       0 |    4718 |   0.0 |       0 |      25 |   0.0 |  1178
          D:12 |       0 |    7087 |   0.0 |       0 |      28 |   0.0 |   861
          D:13 |       0 |    6907 |   0.0 |       0 |      35 |   0.0 |  1209
          D:14 |       0 |   11974 |   0.0 |       0 |      29 |   0.0 |  1208
        Lair:1 |       0 |    5545 |   0.0 |       0 |      24 |   0.0 |   692
       Abyss:2 |    3813 |    6287 |  37.8 |      13 |      17 |  43.3 |   473
               +---------+---------+-------+---------+---------+-------+---------
